 Dungeon Crawl Stone Soup version 0.20.1-1-g8b1a95d (webtiles) character file.

21791 Timinator the Basher (level 12, -2/101 HPs)
             Began as a Demonspawn Gladiator on Dec 20, 2017.
             Was a High Priest of Makhleb.
             Slain by an orc knight
             ... wielding a +0 long sword
              (3 damage)
             ... on level 2 of the Orcish Mines.
             The game lasted 02:09:09 (11489 turns).

Timinator the Basher (Demonspawn Gladiator)        Turns: 11489, Time: 02:09:13

Health: -2/101     AC: 14    Str: 21    XL:     12   Next: 57%
Magic:  0/36       EV: 16    Int: 13    God:    Makhleb [*****.]
Gold:   787        SH:  0    Dex: 17    Spells: 11/11 levels left

rFire    . . .     SeeInvis .   H - +5 mace of Circularity {flame, Int+2}
rCold    . . .     Gourm    +   (no shield)
rNeg     + . .     Faith    .   b - +3 scale mail
rPois    +         Spirit   +   c - +0 helmet
rElec    .         Reflect  .   C - +0 cloak
rCorr    .         Harm     .   k - +0 pair of gloves
MR       +....                  (boots unavailable)
Stlth    ..........             K - amulet of the gourmand
Regen    0.3/turn               e - ring of magical power
MPRegen  0.5/turn               q - ring of magical power

@: mighty, berserk cooldown, slowed, very slow
A: hooves 3, rugged brown scales 2, high mp 1, magic resistance 1, negative
energy resistance 1, poison resistance, spiny 1, magic shield, magic
regeneration
a: Minor Destruction, Lesser Servant of Makhleb, Major Destruction, Greater
Servant of Makhleb, Renounce Religion


You were on level 2 of the Orcish Mines.
You worshipped Makhleb.
Makhleb was extremely pleased with you.
You were very full.

You visited 3 branches of the dungeon, and saw 14 of its levels.

You collected 1011 gold pieces.
You spent 224 gold pieces at shops.

Inventory:

Hand Weapons
 H - the +5 mace of Circularity (weapon) {flame, Int+2}
   (You found it on level 5 of the Dungeon)

   It has been specially enchanted to burn those struck by it, causing extra
   injury to most foes and up to half again as much damage against particularly
   susceptible opponents.
   It affects your intelligence (+2).
Missiles
 d - 2 throwing nets (quivered)
 N - 4 javelins
Armour
 b - a +3 scale mail (worn)
 c - a +0 helmet (worn)
 k - a +0 pair of gloves (worn)
 C - a +0 cloak (worn)
 G - a +2 robe of magic resistance
Jewellery
 e - a ring of magical power (left hand)
 i - an uncursed ring of flight
 q - a ring of magical power (right hand)
 K - an amulet of the gourmand (around neck)
Wands
 a - a wand of confusion (10/48)
 A - a wand of confusion (32/48)
 J - a wand of confusion (28/48)
Scrolls
 h - a scroll of remove curse
 p - 2 scrolls of immolation
 r - 2 scrolls of magic mapping {unknown}
 t - 2 scrolls of enchant weapon
 u - 3 scrolls of fog
 v - a scroll of amnesia {unknown}
 w - 4 scrolls of enchant armour
 y - 4 scrolls of teleportation
 D - a scroll of brand weapon {unknown}
 F - a scroll of random uselessness {unknown}
Potions
 j - a potion of mutation
 z - a potion of lignification
 B - 2 potions of magic
 I - 2 potions of resistance
 L - 6 potions of curing
 P - 2 potions of brilliance
 W - a potion of cancellation
Comestibles
 f - 8 bread rations
 l - 5 chunks of flesh
 n - 12 royal jellies
 x - 7 fruits
 S - 2 meat rations


   Skills:
 * Level 10.2 Fighting
   Level 6.5 Long Blades
 + Level 11.5 Maces & Flails
 - Level 2.0 Throwing
 - Level 2.1 Armour
 * Level 9.1 Dodging
 - Level 3.6 Invocations
 * Level 6.9 Evocations


You had 11 spell levels left.
You didn't know any spells.

Dungeon Overview and Level Annotations

Branches:
Dungeon (11/15)            Temple (1/1) D:4            Lair (0/6) D:8
    Orc (2/2) D:10            Elf (0/3) Orc:2

Altars:
Ashenzari
Cheibriados
Dithmenos
Elyvilon
Fedhas
Gozag
Hepliaklqana
Kikubaaqudgha
Makhleb
Nemelex Xobeh
Okawaru
Qazlal
Ru
Sif Muna
Trog
Uskayaw
Vehumet
Xom
Zin
The Shining One

Shops:
D:5 !


Innate Abilities, Weirdness & Mutations

You have hooves in place of feet.
You are mostly covered in rugged brown scales. (AC +2, +5% HP)
You resist negative energy. (rN+)
You are partially covered in sharp spines.
When hurt, damage is shared between your health and your magic reserves.
You regenerate magic rapidly.
You have an increased reservoir of magic. (+10% MP)
You are resistant to hostile enchantments. (MR+)
Your system is resistant to poisons. (rPois)


Message History

The orc warrior completely misses you. The orc knight completely misses you.
The orc priest calls upon Beogh to heal the orc warrior.
The orc warrior is healed somewhat.
The orc knight hits you with a long sword.
The orc high priest invokes the aid of Beogh against you.
Beogh smites you!
* * * LOW HITPOINT WARNING * * *
You hit the orc knight but do no damage.
You kick the orc knight!
The orc knight is severely wounded.
You feel less invigorated.
You feel less confused.
The orc warrior hits you from afar with a glaive!!
* * * LOW HITPOINT WARNING * * *
The orc high priest utters an invocation to Beogh.
The orc knight hits you with an antimagic battleaxe!!
* * * LOW HITPOINT WARNING * * *
The orc knight is struck by your spines.
The orc knight hits you with a long sword.
You die...

#...#)..#...#
##....
#...4.4...#
##.....
#.4#4.4#..#
##......
##.34.oo.#
#.......
###.#.###
#.......
#.o4o.#
###......
###.#o###
#.......#
##...oooo##
#.......#
#..#...#@.#
#........
##....)..3o##
####.....
#...#...#o3.#
#......
##.....).....##
#......
#....#...#....#
##.#....
#.............#
#.......
#....#...#....#
##.##...
#.............#
##..))..
#....#).o#....#
##..)...#


You could see 3 orc knights, 2 orc high priests, a sun demon, 2 ice devils, a
smoke demon, a ynoxinul, a chaos spawn and 4 orc warriors.

Vanquished Creatures
  A hydra (D:10)
  Erolcha (D:10)
  The ghost of Kave the Grappler, a novice TrTm of Sif Muna (D:8)
  7 two-headed ogres
  An orc high priest (Orc:2)
  The ghost of Kave the Ruffian, a novice TrTm (D:5)
  2 orc knights (Orc:2)
  An ugly thing (D:11)
  2 cyclopes
  A gargoyle (D:11)
  A komodo dragon (D:10)
  A hornet (D:10)
  A hippogriff (D:11)
  3 hogs (D:7)
  A human (D:7)
  10 yaks
  Menkaure (D:5)
  A water moccasin (D:9)
  Duvessa (D:5)
  3 ice beasts
  6 sky beasts
  18 orc warriors
  4 black bears
  4 phantoms
  10 ogres
  10 centaurs
  A crocodile (D:11)
  5 big kobolds
  3 bullfrogs
  Blork the orc (D:5)
  A gnoll sergeant (D:9)
  Dowan (D:5)
  3 scorpions
  18 killer bees
  4 wights (D:10)
  3 howler monkeys (D:11)
  A crimson imp (D:11)
  A bullfrog zombie (D:11)
  A quasit (D:11)
  3 jellies
  19 orc priests
  5 hounds
  3 iguanas
  2 gnoll shamans
  21 orc wizards
  13 worker ants
  2 hound skeletons
  16 gnolls
  14 adders
  3 river rats (D:4)
  2 shadow imps
  An ooze (D:2)
  An adder zombie (D:9)
  2 adder skeletons (D:6)
  2 worms (D:2)
  A dart slug (D:2)
  6 leopard geckos
  51 orcs
  3 ball pythons
  7 giant cockroaches
  7 goblins
  10 hobgoblins
  8 jackals
  5 quokkas
  5 bats
  7 frilled lizards
  A giant cockroach zombie (D:5)
  A jackal skeleton (D:4)
  24 kobolds
  25 rats
406 creatures vanquished.

Vanquished Creatures (collateral kills)
  An orc warrior (Orc:2)
  An orc priest (Orc:2)
  3 orcs (Orc:2)
5 creatures vanquished.

Vanquished Creatures (others)
  7 toadstools (D:1)
7 creatures vanquished.

Grand Total: 418 creatures vanquished

Notes
Turn   | Place    | Note
-------+----------+-------------------------------------------
     0 | D:1      | Timinator the Demonspawn Gladiator began the quest for the Orb.
     0 | D:1      | Reached XP level 1. HP: 16/16 MP: 1/1
   528 | D:1      | Gained mutation: You are partially covered in sharp spines. [demonic ancestry]
   528 | D:1      | Reached XP level 2. HP: 22/22 MP: 2/2
   762 | D:2      | Gained mutation: You are partially covered in rugged brown scales. (AC +1, +3% HP) [demonic ancestry]
   762 | D:2      | Reached XP level 3. HP: 19/27 MP: 3/3
  1305 | D:2      | Gained mutation: You have large cloven feet. [demonic ancestry]
  1305 | D:2      | Reached XP level 4. HP: 35/35 MP: 4/4
  1481 | D:2      | Found a white marble altar of Elyvilon.
  1481 | D:2      | Found a shattered altar of Ashenzari.
  1545 | D:2      | Reached skill level 1 in Armour
  2065 | D:3      | Noticed a black bear
  2069 | D:3      | Killed a black bear
  2069 | D:3      | Gained mutation: When hurt, damage is shared between your health and your magic reserves. [demonic ancestry]
  2069 | D:3      | Reached XP level 5. HP: 31/42 MP: 5/5
  2665 | D:3      | Gained mutation: You have hoof-like feet. [demonic ancestry]
  2665 | D:3      | Reached XP level 6. HP: 48/48 MP: 6/6
  3569 | D:4      | Found a staircase to the Ecumenical Temple.
  3594 | Temple   | Entered the Ecumenical Temple
  3669 | Temple   | Became a worshipper of Makhleb the Destroyer
  3837 | D:4      | Reached skill level 5 in Long Blades
  3910 | D:5      | Entered Level 5 of the Dungeon
  3919 | D:5      | Gained mutation: You are mostly covered in rugged brown scales. (AC +2, +5% HP) [demonic ancestry]
  3919 | D:5      | Reached XP level 7. HP: 27/56 MP: 7/7
  4084 | D:5      | Noticed Blork the orc
  4096 | D:5      | Killed Blork the orc
  4180 | D:5      | Noticed Kave's ghost (novice TrTm)
  4203 | D:5      | Killed Kave's ghost
  4203 | D:5      | Reached skill level 5 in Fighting
  4203 | D:5      | Reached XP level 8. HP: 46/65 MP: 9/9
  4277 | D:5      | Got a faintly glowing mace
  4278 | D:5      | Identified the +5 mace of Circularity {flame, Int+2} (You found it on level 5 of the Dungeon)
  4326 | D:5      | Found Pisibo Ykai's Distillery.
  4340 | D:5      | Bought a potion of degeneration for 14 gold pieces
  4348 | D:5      | Bought a potion of agility for 56 gold pieces
  4348 | D:5      | Bought a potion of lignification for 42 gold pieces
  4348 | D:5      | Bought a potion of mutation for 112 gold pieces
  4405 | D:5      | Noticed Duvessa
  4417 | D:5      | Noticed Dowan
  4425 | D:5      | Killed Dowan
  4426 | D:5      | Killed Duvessa
  4552 | D:5      | Reached skill level 1 in Maces & Flails
  4708 | D:5      | Noticed Menkaure
  4718 | D:5      | Killed Menkaure
  4718 | D:5      | Reached skill level 2 in Maces & Flails
  4718 | D:5      | Reached skill level 5 in Dodging
  5233 | D:6      | Reached * piety under Makhleb
  5302 | D:6      | Reached skill level 3 in Maces & Flails
  5361 | D:6      | Got a smelly chain mail
  5372 | D:6      | Identified the +0 chain mail of Taxkitum {+Fly rElec Stlth+} (You found it on level 6 of the Dungeon)
  5653 | D:7      | Gained mutation: You have hooves in place of feet. [demonic ancestry]
  5653 | D:7      | Reached XP level 9. HP: 72/72 MP: 11/11
  5869 | D:7      | Gained mutation: You are clumsy. (Dex -2) [potion of mutation]
  5869 | D:7      | Gained mutation: Your muscles are strong. (Str +2) [potion of mutation]
  5869 | D:7      | Gained mutation: You can translocate small distances at will. [potion of mutation]
  5870 | D:7      | Lost mutation: You are clumsy. (Dex -2) [potion of mutation]
  5870 | D:7      | Lost mutation: Your muscles are strong. (Str +2) [potion of mutation]
  5870 | D:7      | Lost mutation: You can translocate small distances at will. [potion of mutation]
  5870 | D:7      | Gained mutation: You have a pair of small antennae on your head. [potion of mutation]
  5870 | D:7      | Gained mutation: Your flesh is heat resistant. (rF+) [potion of mutation]
  5928 | D:7      | Reached skill level 4 in Maces & Flails
  5945 | D:7      | Reached skill level 5 in Maces & Flails
  6187 | D:7      | Found a snail-covered altar of Cheibriados.
  6270 | D:7      | Reached skill level 6 in Maces & Flails
  6534 | D:8      | Noticed Kave's ghost (novice TrTm)
  6534 | D:8      | Noticed a two-headed ogre
  6535 | D:8      | Noticed a two-headed ogre
  6578 | D:8      | Found a staircase to the Lair.
  6613 | D:8      | Reached ** piety under Makhleb
  6700 | D:8      | Killed a two-headed ogre
  6700 | D:8      | Reached XP level 10. HP: 75/80 MP: 13/13
  6744 | D:8      | Killed Kave's ghost
  6744 | D:8      | Reached skill level 1 in Invocations
  6751 | D:8      | Killed a two-headed ogre
  6751 | D:8      | Reached skill level 7 in Maces & Flails
  7471 | D:9      | Reached skill level 8 in Maces & Flails
  7522 | D:9      | Noticed a two-headed ogre
  7534 | D:9      | Killed a two-headed ogre
  7534 | D:9      | Reached skill level 5 in Evocations
  7577 | D:9      | Noticed a two-headed ogre
  7587 | D:9      | Killed a two-headed ogre
  7587 | D:9      | Gained mutation: You regenerate magic rapidly. [demonic ancestry]
  7587 | D:9      | Reached XP level 11. HP: 72/89 MP: 14/14
  7614 | D:9      | Reached *** piety under Makhleb
  7614 | D:9      | Reached skill level 9 in Maces & Flails
  7821 | D:9      | Noticed a two-headed ogre
  7840 | D:9      | Killed a two-headed ogre
  7896 | D:9      | Got a steaming chain mail
  7907 | D:9      | Identified the cursed +0 chain mail of Hangman {Dex+4} (You found it on level 9 of the Dungeon)
  8205 | D:10     | Entered Level 10 of the Dungeon
  8273 | D:10     | Reached skill level 10 in Maces & Flails
  8279 | D:10     | Reached **** piety under Makhleb
  8340 | D:10     | Found a staircase to the Orcish Mines.
  8402 | D:10     | Lost mutation: You have a pair of small antennae on your head. [potion of mutation]
  8402 | D:10     | Lost mutation: Your flesh is heat resistant. (rF+) [potion of mutation]
  8402 | D:10     | Gained mutation: You are resistant to hostile enchantments. (MR+) [potion of mutation]
  8402 | D:10     | Gained mutation: You have an increased reservoir of magic. (+10% MP) [potion of mutation]
  8402 | D:10     | Gained mutation: Your system is resistant to poisons. (rPois) [potion of mutation]
  8534 | D:10     | Noticed Erolcha
  8544 | D:10     | Killed Erolcha
  8798 | D:10     | Noticed a seven-headed hydra
  8812 | D:10     | Killed a seven-headed hydra
  9471 | D:11     | Noticed a brown ugly thing
  9488 | D:11     | Killed a brown ugly thing
  9536 | D:11     | Noticed a two-headed ogre
  9550 | D:11     | Killed a two-headed ogre
  9550 | D:11     | Gained mutation: You resist negative energy. (rN+) [demonic ancestry]
  9550 | D:11     | Reached XP level 12. HP: 99/99 MP: 18/18
  9720 | D:11     | Reached ***** piety under Makhleb
  9739 | D:11     | Reached skill level 11 in Maces & Flails
 10081 | D:11     | Noticed a two-headed ogre
 10111 | D:11     | Killed a two-headed ogre
 10312 | Orc:1    | Entered Level 1 of the Orcish Mines
 10458 | Orc:2    | Entered Level 2 of the Orcish Mines
 11065 | Orc:2    | Found a staircase to the Elven Halls.
 11292 | Orc:2    | Reached skill level 10 in Fighting
 11365 | Orc:2    | Noticed an orc high priest
 11376 | Orc:2    | Killed an orc high priest
 11432 | Orc:2    | Noticed an orc high priest
 11473 | Orc:2    | Noticed an orc high priest
 11480 | Orc:2    | Noticed an orc high priest
 11484 | Orc:2    | Noticed an orc high priest
 11489 | Orc:2    | HP: 1/101 [orc knight/antimagic battleaxe (12)]
 11489 | Orc:2    | Slain by an orc knight

Skill      XL: |  1  2  3  4  5  6  7  8  9 10 11 12 |
---------------+-------------------------------------+-----
Dodging        | 3 4 5 6 7 8 9 |  9.1
Long Blades    | 3 4 5 6 |  6.5
Throwing       | 2 |  2.0
Armour         | 2 |  2.1
Fighting       | 3 4 5 6 7 9 10 | 10.2
Evocations     | 2 3 4 5 6 |  6.9
Maces & Flails | 3 6 8 10 11 | 11.5
Invocations    | 2 3 |  3.6

Action                   |  1- 3 |  4- 6 |  7- 9 | 10-12 || total
-------------------------+-------+-------+-------+-------++-------
Melee: Long sword        |    63 |   163 |     8 |       ||   234
       Kick              |       |    44 |    43 |   180 ||   267
       Scimitar          |       |       |    27 |       ||    27
       Mace              |       |       |   151 |   555 ||   706
Throw: Throwing net      |       |       |     2 |       ||     2
Invok: Minor Destruction |       |       |     6 |    76 ||    82
       Lesser Servant of |       |       |       |     2 ||     2
 Abil: Evoke Flight      |       |     1 |       |       ||     1
Evoke: Wand              |       |       |     4 |     7 ||    11
  Use: Scroll            |     8 |     5 |       |     3 ||    16
       Potion            |       |     3 |     6 |    17 ||    26
 Stab: Distracted        |       |     1 |       |     2 ||     3
       Invisible         |       |       |       |     7 ||     7
       Confused          |       |       |       |     1 ||     1
  Eat: Chunk             |     1 |     9 |    25 |    15 ||    50
Armor: Leather armour    |     4 |       |       |       ||     4
       Ring mail         |    10 |    29 |       |       ||    39
       Skin              |       |    18 |   152 |       ||   170
       Scale mail        |       |     6 |    73 |   157 ||   236
       Robe              |       |       |       |    10 ||    10
       Chain mail        |       |       |       |     5 ||     5
Dodge: Dodged            |    39 |    71 |   114 |   385 ||   609
       Rpst.: Long sword |    11 |    22 |       |       ||    33
       Scimitar          |       |       |     3 |       ||     3
